 Dungeon Crawl Stone Soup version 0.20-a0-625-g9e05219 (webtiles) character file.

318514 theclanless the Fighter (level 20, 171/174 HPs)
             Began as a Centaur Fighter on Feb 14, 2017.
             Was the Champion of Ieoh Jian.
             Quit the game on level 1 of the Vaults on Feb 17, 2017.
             The game lasted 04:28:32 (32334 turns).

theclanless the Fighter (Centaur Fighter)          Turns: 32334, Time: 04:28:33

Health: 171/174    AC: 34    Str: 23    XL:     20   Next: 58%
Magic:  38/38      EV: 14    Int: 11    God:    Ieoh Jian [******]
Gold:   1238       SH: 13    Dex: 13    Spells: 4/19 levels left

rFire    + . .     SeeInvis .   a - +9 quick blade (flame)
rCold    + . .     Gourm    .   U - +0 troll leather armour
rNeg     + . .     Faith    .   D - +0 shield {reflect}
rPois    +         Spirit   +   X - +2 helmet {Int+3}
rElec    +         Reflect  +   L - +0 cloak
rCorr    .         Harm     .   F - +2 pair of gloves
MR       +....                  i - +10 Black Knight's horse barding {ponderous, rPois rN+}
Stlth    ++++......             n - amulet of guardian spirit
Regen    0.8/turn               N - ring "Muphopn" {rF+ MP+9}
                                h - +3 ring of slaying

@: quick
A: hooves 3, thin metallic scales 1, cold resistance 1, deformed body, speed 2,
mutation resistance 1, shaggy fur 1, electricity resistance, tough skin 3,
sturdy frame 1
}: 2/15 runes: decaying, serpentine
a: Serpent's Lash, Heaven On Earth, Renounce Religion


You were on level 1 of the Vaults.
You worshipped Ieoh Jian.
Ieoh Jian was exalted by your worship.
You were very full.

You visited 8 branches of the dungeon, and saw 36 of its levels.
You also visited: Labyrinth and Ice Cave.

You collected 3773 gold pieces.
You spent 2535 gold pieces at shops.

Inventory:

Hand Weapons
 a - a +9 quick blade of flaming (weapon)
 b - the +4 Vampire's Tooth {vamp}
   (You found it on level 5 of the Dungeon)

   It inflicts no extra harm, but heals its wielder when it wounds a living foe.
 l - the +9 sword of Zonguldrok {reap}
   (You took it off a deep elf sorcerer on level 3 of the Elven Halls)

   If a monster killed with it leaves a corpse in good enough shape, the corpse
   will be animated as a zombie friendly to the killer.
Armour
 i - the +10 Black Knight's horse barding (worn) {ponderous, rPois rN+}
   (You acquired it on level 2 of the Lair of Beasts)

   It protects you from poison.
   It protects you from negative energy.
 D - a +0 shield of reflection (worn)
 F - a +2 pair of gloves (worn)
 L - a +0 cloak (worn)
 S - a +0 large shield
 U - a +0 troll leather armour (worn)
 X - a +2 helmet of intelligence (worn)
Jewellery
 h - a +3 ring of slaying (left hand)
 n - an amulet of guardian spirit (around neck)
 w - the ring of Wiubanab {rN+ MP+9 Int+4}
   (You found it on level 15 of the Dungeon)

   [ring of positive energy]

   It affects your intelligence (+4).
   It protects you from negative energy.
   It affects your magic capacity (+9).
 B - an uncursed ring of protection from fire
 G - the ring "Nomuesauset" {+Fly MR+ Dex+3 SInv}
   (You found it on level 15 of the Dungeon)

   [ring of see invisible]

   It affects your dexterity (+3).
   It affects your resistance to hostile enchantments.
   It lets you see invisible.
   It lets you fly.
 J - an uncursed ring of see invisible
 N - the ring "Muphopn" (right hand) {rF+ MP+9}
   (You found it in a labyrinth)

   [ring of magical power]

   It protects you from fire.
   It affects your magic capacity (+9).
 P - an uncursed ring of resist corrosion
 R - the ring "Saasouj" {MR+ EV+2 Dex+3}
   (You found it on level 4 of the Swamp)

   [ring of evasion]

   It affects your evasion (+2).
   It affects your dexterity (+3).
   It affects your resistance to hostile enchantments.
Wands
 c - a wand of digging (16/24)
 f - a wand of flame (8/48)
 j - a wand of lightning (6/15)
 q - a wand of paralysis (12/24)
 y - a wand of acid (7/15)
 H - a wand of confusion (22/48)
 M - a wand of disintegration (21/24)
 W - a wand of iceblast (11/15)
Scrolls
 e - 7 scrolls of blinking
 r - 20 scrolls of teleportation
 u - 3 scrolls of enchant armour
 x - 7 scrolls of remove curse
 I - 5 scrolls of magic mapping
 Q - 3 scrolls of identify
 Y - 2 scrolls of immolation
 Z - 9 scrolls of fog
Potions
 k - 7 potions of curing
 m - a potion of resistance
 o - 2 potions of magic
 p - 5 potions of haste
 s - 6 potions of heal wounds
 t - 5 potions of cancellation
 v - 7 potions of agility
 z - a potion of berserk rage
 C - 2 potions of flight
 K - 7 potions of mutation
 O - 3 potions of might
Miscellaneous
 d - a phantom mirror
 A - a phial of floods
 E - a lightning rod (4/4)
 T - a fan of gales
 V - a lamp of fire
Comestibles
 g - 18 royal jellies


   Skills:
 - Level 14.2 Fighting
 - Level 13.4(14.3) Short Blades
 - Level 8.8(12.2) Long Blades
 + Level 11.5 Armour
 + Level 11.2 Dodging
 + Level 10.0 Stealth
 * Level 12.1 Shields
 + Level 12.4 Evocations


You had 4 spell levels left.
You knew the following spells:

 Your Spells              Type           Power        Failure   Level  Hunger
b - Blink                 Tloc           N/A          56%         2    ###....
p - Passwall              Tmut/Erth      #.........   56%         2    ###....
s - Swiftness             Chrm/Air       #.......     56%         2    ###....
A - Aura of Abjuration    Summ           #.........   100%        5    ######.
P - Passage of Golubria   Tloc           N/A          100%        4    #####..


Dungeon Overview and Level Annotations

Branches:
Dungeon (15/15)            Temple (1/1) D:6            Lair (6/6) D:8
  Swamp (4/4) Lair:2        Snake (4/4) Lair:3        Slime (0/5) Lair:6
    Orc (2/2) D:11            Elf (3/3) Orc:2        Vaults (1/5) D:14
 Depths (0/5) D:15

Altars:
Ashenzari
Cheibriados
Dithmenos
Elyvilon
Fedhas
Gozag
Hepliaklqana Ieoh Jian
Kikubaaqudgha
Makhleb
Nemelex Xobeh
Okawaru
Qazlal
Ru
Sif Muna
Trog
Uskayaw
Vehumet
Xom
Yredelemnul
Zin
The Shining One

Shops:
D:14 *   D:15 **?   Orc:2 ?*(   Elf:3 *   Snake:1 =

Portals:
Hell: Lair:6


Innate Abilities, Weirdness & Mutations

You have hooves in place of feet.
Armour fits poorly on your strangely shaped body.
You cover ground very quickly.
You have extremely tough skin. (AC +3)
You are partially covered in thin metallic scales. (AC +2)
Your flesh is cold resistant. (rC+)
You are somewhat resistant to further mutation.
You are covered in fur. (AC +1)
You are resistant to electric shocks. (rElec)
Your movements are slightly less encumbered by armour. (ER -2)


Message History

You puncture the centaur warrior! You burn the centaur warrior.
You kill the centaur warrior!
The council accepts your kill.
A yaktaur comes into view.
Things that are here:
a shortbow; 9 arrows Unknown command.
The yaktaur misses you.
There is an open door here.
Unknown command.
You spin and attack the yaktaur repeteadly!
You hit the yaktaur. You burn the yaktaur. You kick the yaktaur.
The yaktaur is lightly wounded.
You puncture the yaktaur! You burn the yaktaur.
The yaktaur is heavily wounded.
You puncture the yaktaur! You burn the yaktaur.
The yaktaur is severely wounded.
Quiver which item? (- for none, * to show all) (? for menu, Esc to quit)
Okay, then.
Are you sure you want to abandon this character and quit the game? (Confirm with "yes".)

#### #### ##...# #...##
#.....###.....# ...#...#...
#.....# #c@.#
.########'#######
.........)........
...................
....................
.......()...........#
....................#
###############...........#
#.............#...........#


You could see a yaktaur.

Vanquished Creatures
  the Lernaean hydra (Swamp:4)
  Bai Suzhen (Swamp:3)
  Vashnia (Snake:2)
  Jorgrun (Elf:2)
  A tentacled monstrosity (Swamp:1)
  Asterion (Snake:2)
  3 deep elf blademasters
  2 deep elf master archers (Elf:3)
  Gastronok (Lair:2)
  The ghost of dpeg the Unseen, an adept OpAs of Ieoh Jian (Swamp:4)
  Kirke (Elf:1)
  Donald (Swamp:3)
  2 thorn hunters
  7 nagarajas
  2 vault wardens (Vaults:1)
  Aizul (Snake:1)
  An orc warlord (Orc:2)
  A frost giant (IceCv)
  4 deep elf sorcerers
  Louise (Swamp:3)
  3 deep elf elementalists (Elf:3)
  A very ugly thing (Swamp:4)
  An ironheart preserver (Vaults:1)
  4 deep elf annihilators (Elf:3)
  8 deep elf demonologists
  5 deep elf death magi
  A minotaur (Lab)
  4 ogre magi (D:15)
  2 deep elf high priests (Elf:3)
  The ghost of PlatinumSpider the Slicer, a journeyman VSGl of Ieoh Jian (Orc:2)
  A rakshasa (D:15)
  A yaktaur captain (Vaults:1)
  4 great orbs of eyes (D:15)
  25 anacondas
  4 vault guards (D:15)
  31 hydras
  2 ghost crabs
  16 naga warriors
  8 two-headed ogres
  2 catoblepae
  10 alligators
  5 centaur warriors
  16 dancing weapons
  2 death yaks (IceCv)
  4 deep troll shamans
  A deep troll earth mage (Vaults:1)
  6 orc high priests (Orc:2)
  11 shock serpents
  14 naga sharpshooters
  Sonja (D:13)
  A sun demon (Lair:6)
  13 deep elf knights
  3 salamander mystics
  A fire crab (Lair:6)
  A spriggan druid (Swamp:3)
  2 deep trolls (Vaults:1)
  2 wizards
  9 swamp dragons
  A lindwurm (Lair:3)
  A glowing orange brain (D:15)
  3 unseen horrors
  A flayed ghost (D:15)
  3 shambling mangroves
  8 deep elf archers
  10 orc knights
  Pikel (D:4)
  12 naga ritualists
  An ironbrand convoker (Vaults:1)
  11 mana vipers
  A wolf spider (D:15)
  10 ugly things
  A manticore (D:12)
  3 orc sorcerers (Orc:2)
  54 deep elf magi
  4 cyclopes
  6 salamanders
  11 guardian serpents
  39 black mambas
  4 elephants (Lair:5)
  21 naga magi
  A vault sentinel (Vaults:1)
  An ice statue (IceCv)
  3 orange demons (Lair:6)
  A smoke demon (Lair:6)
  3 torpor snails (Lair:6)
  19 spiny frogs
  2 centaur zombies
  A gargoyle (D:10)
  11 yaktaurs
  A rime drake (shapeshifter) (Vaults:1)
  2 tengu conjurers (D:15)
  11 komodo dragons
  4 rime drakes
  4 kobold demonologists
  An ice devil (Lair:6)
  A red devil (Lair:6)
  13 trolls
  A polar bear (shapeshifter) (D:14)
  6 tyrant leeches
  A wolf spider simulacrum (D:15)
  13 hornets
  12 polar bears
  21 blink frogs
  20 slime creatures
  A hornet (shapeshifter) (D:13)
  7 bog bodies
  4 dream sheep (Lair:5)
  2 air elementals (Elf:3)
  A centaur simulacrum (D:15)
  12 hippogriffs
  4 shadows
  90 yaks
  A redback (Lab)
  Sigmund (D:5)
  5 spriggans
  A water elemental (Elf:3)
  3 wyverns
  A tarantella (shapeshifter) (Elf:2)
  4 fire elementals
  A wraith (D:13)
  3 basilisks
  A hog (Elf:1)
  Grum (D:8)
  A steam dragon (Lair:3)
  7 hungry ghosts
  18 vampire mosquitoes
  A warg (Orc:1)
  14 swamp worms
  57 nagas
  16 insubstantial wisps
  A soldier ant (D:14)
  3 acid dragons
  4 hell hounds (Lair:6)
  10 porcupines
  15 water moccasins
  4 eyes of draining
  2 ice beasts
  48 orc warriors
  A black bear (D:7)
  A phantom (D:13)
  A slave (D:4)
  5 sky beasts
  18 swamp drakes
  19 wolves
  11 centaurs
  13 ogres
  4 big kobolds
  12 crocodiles
  21 bullfrogs
  2 gnoll sergeants (D:11)
  A water moccasin zombie (D:7)
  2 scorpions
  A wyvern skeleton (D:14)
  9 killer bees (D:9)
  2 vampire bats (D:5)
  2 electric eels (Lair:6)
  4 lava snakes (Lab)
  8 crimson imps
  A quasit (D:7)
  A bullfrog zombie (D:13)
  33 orc priests
  5 hounds
  5 jellies
  A gnoll shaman (D:7)
  4 bullfrog skeletons
  7 centaur skeletons
  2 hell rats (Lair:4)
  4 iguanas
  Natasha (twice) (D:4)
  24 orc wizards
  15 worker ants
  A hound skeleton (D:5)
  A howler monkey zombie (D:5)
  11 gnolls
  A howler monkey skeleton (D:11)
  13 adders
  10 river rats (Lair:4)
  4 shadow imps
  8 oozes
  An adder skeleton (D:6)
  2 adder zombies
  2 dart slugs (D:1)
  6 leopard geckos
  112 orcs
  6 giant cockroaches
  6 goblins
  9 hobgoblins
  8 jackals (D:2)
  10 kobolds
  5 quokkas
  A ball python (D:4)
  18 bats
  2 frilled lizards
  A quokka skeleton (D:6)
  6 rats
1448 creatures vanquished.

Vanquished Creatures (others)
  An unseen horror (D:15)
  A rime drake (Lair:6)
  2 humans (Elf:1)
  An insubstantial wisp (Swamp:2)
  An orc priest (Orc:2)
  An orc (D:6)
  3 fungi
  3 plants (Lair:3)
13 creatures vanquished.

Grand Total: 1461 creatures vanquished

Notes
Turn   | Place    | Note
-------+----------+-------------------------------------------
     0 | D:1      | theclanless the Centaur Fighter began the quest for the Orb.
     0 | D:1      | Reached XP level 1. HP: 19/19 MP: 1/1
   180 | D:1      | Reached XP level 2. HP: 26/26 MP: 2/2
   687 | D:2      | Reached XP level 3. HP: 31/31 MP: 3/3
   831 | D:2      | Reached skill level 1 in Dodging
   873 | D:2      | Found an ornate altar of the Ieoh Jian Council.
   882 | D:2      | Became a worshipper of the Ieoh Jian Council
  1054 | D:2      | Reached XP level 4. HP: 28/38 MP: 0/4
  1547 | D:3      | Reached XP level 5. HP: 28/46 MP: 5/5
  1672 | D:3      | Reached * piety under Ieoh Jian
  1985 | D:3      | Gained mutation: Your muscles are strong. (Str +2) [potion of mutation]
  1985 | D:3      | Gained mutation: You are partially covered in icy blue scales. (AC +2) [potion of mutation]
  1985 | D:3      | Gained mutation: Your mind is acute. (Int +2) [potion of mutation]
  2300 | D:4      | Noticed Natasha
  2315 | D:4      | Killed Natasha
  2390 | D:4      | Reached skill level 4 in Fighting
  2421 | D:4      | Reached XP level 6. HP: 46/52 MP: 4/6
  2529 | D:4      | Noticed Natasha
  2535 | D:4      | Killed Natasha
  2862 | D:4      | Noticed a slave
  2862 | D:4      | Noticed a slave
  2862 | D:4      | Noticed a slave
  2863 | D:4      | Noticed Pikel
  2867 | D:4      | Killed a slave
  2873 | D:4      | Killed Pikel
  2873 | D:4      | Reached XP level 7. HP: 53/60 MP: 4/7
  2925 | D:5      | Entered Level 5 of the Dungeon
  2929 | D:5      | Noticed Sigmund
  2933 | D:5      | Killed Sigmund
  3148 | D:5      | Reached XP level 8. HP: 67/67 MP: 8/8
  3181 | D:5      | Reached ** piety under Ieoh Jian
  3388 | D:5      | Found a glowing silver altar of Zin.
  3389 | D:5      | Found an opulent altar of Gozag.
  3744 | D:6      | Reached skill level 1 in Short Blades
  3759 | D:6      | Found a white marble altar of Elyvilon.
  3791 | D:6      | Reached skill level 5 in Fighting
  4177 | D:6      | Found a staircase to the Ecumenical Temple.
  4186 | Temple   | Entered the Ecumenical Temple
  4500 | D:7      | Reached skill level 1 in Stealth
  4615 | D:7      | Reached XP level 9. HP: 74/74 MP: 9/9
  4729 | D:7      | Reached *** piety under Ieoh Jian
  4764 | D:7      | Found a sparkling altar of Nemelex Xobeh.
  4764 | D:7      | Found a burning altar of Makhleb.
  4857 | D:7      | Identified Roxanne's Tome of Shifting Stones
  5477 | D:8      | Found a staircase to the Lair.
  5646 | D:8      | Reached skill level 1 in Evocations
  5650 | D:8      | Noticed Grum
  5680 | D:8      | Killed Grum
  5890 | D:8      | Reached **** piety under Ieoh Jian
  5996 | D:8      | Reached skill level 6 in Fighting
  6000 | D:8      | Gained mutation: Your body sometimes deteriorates upon taking damage. [mutagenic meat]
  6001 | D:8      | Gained mutation: You are clumsy. (Dex -2) [mutagenic meat]
  6002 | D:8      | Lost mutation: Your body sometimes deteriorates upon taking damage. [mutagenic meat]
  6127 | D:9      | Reached skill level 5 in Shields
  6140 | D:9      | Found a sacrificial altar of Ru.
  6307 | D:9      | Found a shimmering altar of Xom.
  6320 | D:9      | Found a hazy altar of Hepliaklqana.
  6322 | D:9      | Noticed a spectral ugly thing
  6382 | D:9      | Reached XP level 10. HP: 83/83 MP: 11/11
  6425 | D:9      | Noticed a guardian serpent
  6440 | D:9      | Reached skill level 7 in Fighting
  6440 | D:9      | Reached skill level 5 in Armour
  6440 | D:9      | Reached skill level 5 in Dodging
  6440 | D:9      | Reached XP level 11. HP: 33/92 MP: 11/13
  6443 | D:9      | HP: 3/92 [guardian serpent (23)]
  6457 | D:9      | HP: 4/92 [poisoned by a guardian serpent (bolt of poison)]
  6460 | D:9      | HP: 1/92 [poisoned by a guardian serpent (bolt of poison)]
  6465 | D:9      | HP: 1/92 [poisoned by a guardian serpent (bolt of poison)]
  6470 | D:9      | HP: 3/92 [poisoned by a guardian serpent (bolt of poison)]
  6616 | D:9      | Gained mutation: Your muscles are very strong. (Str +4) [mutagenic meat]
  6617 | D:9      | Gained mutation: You are resistant to hostile enchantments. (MR+) [mutagenic meat]
  6618 | D:9      | Gained mutation: You have a pair of small horns on your head. [mutagenic meat]
  6619 | D:9      | Lost mutation: Your mind is acute. (Int +2) [mutagenic meat]
  6620 | D:9      | Gained mutation: Your system is resistant to poisons. (rPois) [mutagenic meat]
  6815 | D:9      | Lost mutation: You are partially covered in icy blue scales. (AC +2) [potion of mutation]
  6815 | D:9      | Lost mutation: Your muscles are very strong. (Str +4) [potion of mutation]
  6815 | D:9      | Gained mutation: You have an increased reservoir of magic. (+10% MP) [potion of mutation]
  6816 | D:9      | Lost mutation: Your muscles are strong. (Str +2) [potion of mutation]
  6816 | D:9      | Lost mutation: You are resistant to hostile enchantments. (MR+) [potion of mutation]
  6816 | D:9      | Lost mutation: You have a pair of small horns on your head. [potion of mutation]
  6816 | D:9      | Lost mutation: You are clumsy. (Dex -2) [potion of mutation]
  6816 | D:9      | Lost mutation: Your system is resistant to poisons. (rPois) [potion of mutation]
  6816 | D:9      | Lost mutation: You have an increased reservoir of magic. (+10% MP) [potion of mutation]
  6816 | D:9      | Gained mutation: You are covered in fur. (AC +1) [potion of mutation]
  6816 | D:9      | Gained mutation: Your flesh is cold resistant. (rC+) [potion of mutation]
  7185 | D:10     | Entered Level 10 of the Dungeon
  7204 | D:10     | Reached skill level 5 in Long Blades
  7436 | D:10     | Noticed a two-headed ogre
  7479 | D:10     | Killed a two-headed ogre
  7832 | D:10     | Reached ***** piety under Ieoh Jian
  8039 | D:11     | Found a frozen archway.
  8050 | IceCv    | Entered an ice cave
  8211 | IceCv    | Noticed a death yak
  8271 | IceCv    | Killed a death yak
  8441 | IceCv    | Reached XP level 12. HP: 101/101 MP: 15/15
  8458 | IceCv    | Reached skill level 8 in Fighting
  8541 | IceCv    | Reached skill level 5 in Evocations
  9078 | IceCv    | Noticed a death yak
  9113 | IceCv    | Killed a death yak
  9121 | IceCv    | Noticed a frost giant
  9134 | IceCv    | Killed a frost giant
  9524 | Lair:1   | Entered Level 1 of the Lair of Beasts
 10190 | Lair:1   | Reached XP level 13. HP: 110/110 MP: 17/17
 10254 | Lair:1   | Reached skill level 9 in Fighting
 10440 | Lair:2   | Identified a scroll of acquirement
 10595 | Lair:2   | Noticed Gastronok
 10620 | Lair:2   | Killed Gastronok
 10884 | Lair:2   | Found a staircase to the Swamp.
 10899 | Lair:2   | Reached skill level 5 in Stealth
 11189 | Lair:3   | Found a staircase to the Snake Pit.
 12899 | Lair:5   | Reached XP level 14. HP: 118/118 MP: 19/19
 13747 | Lair:6   | Entered Level 6 of the Lair of Beasts
 13986 | Lair:6   | Found a snail-covered altar of Cheibriados.
 14370 | Lair:6   | Reached skill level 10 in Fighting
 14498 | Lair:6   | Found a burning altar of Makhleb.
 14984 | Lair:6   | Found a staircase to the Slime Pits.
 15356 | Lair:6   | Found a gateway to Hell.
 15663 | D:11     | Reached ****** piety under Ieoh Jian
 16122 | D:11     | Found a staircase to the Orcish Mines.
 16150 | Orc:1    | Entered Level 1 of the Orcish Mines
 16379 | Orc:2    | Entered Level 2 of the Orcish Mines
 16379 | Orc:2    | Found a labyrinth entrance.
 16388 | Lab      | Entered a labyrinth
 17214 | Lab      | Got a brightly glowing glass ring
 17253 | Lab      | Identified the ring "Muphopn" {rF+ MP+9} (You found it in a labyrinth)
 17269 | Orc:2    | Reached XP level 15. HP: 128/128 MP: 19/21
 17759 | Orc:2    | Found a staircase to the Elven Halls.
 17774 | Orc:2    | Noticed an orc warlord
 17785 | Orc:2    | Killed an orc warlord
 17794 | Orc:2    | Noticed PlatinumSpider's ghost (journeyman VSGl)
 17798 | Orc:2    | Killed PlatinumSpider's ghost
 17887 | Orc:2    | Reached skill level 10 in Short Blades
 17906 | Orc:2    | Found Xoaziof's Weapon Emporium.
 17907 | Orc:2    | Found Noesoruu's Assorted Antiques.
 17907 | Orc:2    | Found Nilekios's Magic Scroll Emporium.
 17909 | Orc:2    | Found Laer's General Store.
 18506 | Orc:2    | Bought a scroll of acquirement for 1768 gold pieces
 18519 | Orc:2    | Bought a scroll of enchant weapon for 105 gold pieces
 18524 | Orc:2    | Bought a scroll labeled ZUIXAG ETOUL for 34 gold pieces
 18721 | Lair:1   | Learned a level 2 spell: Passwall
 18790 | Snake:1  | Entered Level 1 of the Snake Pit
 18941 | Snake:1  | Reached skill level 11 in Fighting
 19277 | Snake:1  | Noticed Aizul
 19315 | Snake:1  | Killed Aizul
 19318 | Snake:1  | Gained mutation: You are partially covered in thin metallic scales. (AC +2) [mutagenic meat]
 19319 | Snake:1  | Gained mutation: Your movements are slightly less encumbered by armour. (ER -2) [mutagenic meat]
 19747 | Snake:1  | Found Mileso Nuoj's Jewellery Shoppe.
 19796 | Snake:2  | Noticed Vashnia
 19828 | Snake:2  | Killed Vashnia
 19828 | Snake:2  | Reached XP level 16. HP: 120/138 MP: 22/22
 19834 | Snake:2  | Gained mutation: You are resistant to electric shocks. (rElec) [mutagenic meat]
 19997 | Snake:2  | Noticed Asterion
 20013 | Snake:2  | Killed Asterion
 20866 | Snake:4  | Entered Level 4 of the Snake Pit
 21203 | Snake:4  | Reached skill level 12 in Fighting
 21280 | Snake:4  | Reached skill level 10 in Evocations
 21314 | Snake:4  | Reached XP level 17. HP: 83/146 MP: 20/24
 21574 | Snake:4  | Got a serpentine rune of Zot
 22140 | Swamp:1  | Entered Level 1 of the Swamp
 22451 | Swamp:1  | Found a runed door.
 22451 | Swamp:1  | Noticed a tentacled monstrosity
 22479 | Swamp:1  | Killed a tentacled monstrosity
 22906 | Swamp:2  | Reached skill level 10 in Armour
 22998 | Swamp:2  | Learned a level 2 spell: Blink
 23003 | Swamp:2  | Learned a level 4 spell: Passage of Golubria
 23522 | Swamp:2  | Reached skill level 10 in Dodging
 23522 | Swamp:2  | Reached XP level 18. HP: 156/156 MP: 26/26
 23774 | Swamp:3  | Reached skill level 10 in Shields
 23843 | Swamp:3  | Noticed Donald
 23851 | Swamp:3  | Killed Donald
 24054 | Swamp:3  | Noticed Louise
 24084 | Swamp:3  | Killed Louise
 24084 | Swamp:3  | Reached skill level 13 in Fighting
 24214 | Swamp:3  | Noticed Bai Suzhen
 24239 | Swamp:3  | Killed Bai Suzhen
 24510 | Swamp:3  | Got a fine hand axe
 24557 | Swamp:4  | Entered Level 4 of the Swamp
 24587 | Swamp:4  | Identified the Grimoire of Confrontation
 24771 | Swamp:4  | Identified the ring "Saasouj" {MR+ EV+2 Dex+3} (You found it on level 4 of the Swamp)
 24891 | Swamp:4  | Noticed the 27-headed Lernaean hydra
 24900 | Swamp:4  | Killed the 27-headed Lernaean hydra
 24924 | Swamp:4  | Noticed dpeg's ghost (adept OpAs)
 24971 | Swamp:4  | Got a decaying rune of Zot
 25029 | Swamp:4  | Killed dpeg's ghost
 25093 | Swamp:4  | Identified the +7 hand axe "Carch" {chop, +Blink Int+2 Stlth-} (You found it on level 3 of the Swamp)
 26827 | D:13     | Noticed Sonja
 26829 | D:13     | Killed Sonja
 27100 | D:14     | Found Daock's Demolitions Depot.
 27336 | D:14     | Identified the +6 broad axe "Pofes" {freeze, Str+3 Dex+5} (You found it on level 14 of the Dungeon)
 27653 | D:14     | Found a gate to the Vaults.
 27707 | D:15     | Entered Level 15 of the Dungeon
 27728 | D:15     | Found Doushrate's Magic Scroll Shop.
 27738 | D:15     | Bought a scroll of enchant armour for 105 gold pieces
 27738 | D:15     | Bought a scroll of blinking for 105 gold pieces
 27738 | D:15     | Bought a scroll of blinking for 105 gold pieces
 27813 | D:15     | Reached XP level 19. HP: 165/165 MP: 27/27
 27933 | D:15     | Identified the ring of Oluqakh {Wiz rElec rC+ Slay-3} (You took it off a yaktaur on level 15 of the Dungeon)
 28135 | D:15     | Identified the ring of Wiubanab {rN+ MP+9 Int+4} (You found it on level 15 of the Dungeon)
 28219 | D:15     | Found Laxzel's Assorted Antiques.
 28239 | D:15     | Bought a pair of embroidered gloves for 277 gold pieces
 28311 | D:15     | Found a staircase to the Depths.
 28351 | D:15     | Identified the ring "Nomuesauset" {+Fly MR+ Dex+3 SInv} (You found it on level 15 of the Dungeon)
 28361 | D:15     | Learned a level 2 spell: Swiftness
 28434 | D:15     | Found Nailab's Assorted Antiques.
 28451 | D:15     | Bought a scroll labeled TINEP QYRO for 36 gold pieces
 28724 | Elf:1    | Entered Level 1 of the Elven Halls
 28747 | Elf:1    | Noticed Kirke
 28756 | Elf:1    | Killed Kirke
 29281 | Elf:1    | Identified the Volume of Creative Battle Magic
 29289 | Elf:1    | Learned a level 5 spell: Aura of Abjuration
 29711 | Elf:2    | Found a runed gate.
 29765 | Elf:2    | Gained mutation: You are somewhat resistant to further mutation. [mutagenic meat]
 29792 | Elf:2    | Noticed Jorgrun
 29801 | Elf:2    | Killed Jorgrun
 30033 | Elf:2    | Found a runed gate.
 30034 | Elf:2    | Found a runed gate.
 30441 | Elf:2    | Reached skill level 14 in Fighting
 30927 | Elf:3    | Entered Level 3 of the Elven Halls
 31015 | Elf:3    | Found Qiysaov's General Store.
 31175 | Elf:3    | Reached XP level 20. HP: 174/174 MP: 29/29
 31615 | Elf:3    | Identified the Volume of Poisoning and Lightness
 31679 | Elf:3    | Identified the cursed ring of Dugeul {+Fly rC+ AC-2 Dex-2} (You found it on level 3 of the Elven Halls)
 32090 | Vaults:1 | Entered Level 1 of the Vaults
 32294 | Vaults:1 | Reached skill level 10 in Stealth
 32334 | Vaults:1 | Quit the game

Vault maps used:
D:1:      minmay_arrival_nine_rooms
D:2:      nicolae_overflow_crystal_walls, st_stairs_7
D:4:      first_bread, uniq_pikel, uniq_natasha
D:5:      grunt_temple_overflow_gold_and_silver,
          minmay_guarded_unrand_vampires_tooth, uniq_sigmund
D:6:      elyvilon_altar_4, minmay_temple_entry_nine_rooms
D:7:      gammafunk_temple_overflow_elements
D:8:      lair_entry_dummy, hangedman_little_slice_of_home,
          supply_closet_lemuel, uniq_grum
D:9:      regret_index_temple_of_mockery, lemuel_crystal_altar,
          minmay_stone_trees_small, nrook_guardian_serpent_ordinary
D:10:     hangedman_decor_slide_cut, hangedman_decor_growths
D:11:     kennysheep_orc_monster_closet_entryway,
          portal_ice_cave_entry_pillars_2, st_stairs_10
D:13:     grunt_decor_fettered, kennysheep_generic_room_15, uniq_sonja
D:14:     david_vaults_1, serial_park_tiny_pond, nicolae_blasting_shop
D:15:     hangedman_spin_cycle
Temple:   dshaligram_water_room_temple
Lair:1:   beast_lair_carwin_1
Lair:2:   swamp_mist, patterned_corridor, uniq_gastronok
Lair:3:   guppyfry_snake_entry_garden, minivault_27
Lair:4:   minmay_stone_trees_medium, kennysheep_rathole, grunt_megastairs_5,
          serial_bayou_shore_b
Lair:5:   lemuel_fruit_fields
Lair:6:   evil_forest, minmay_slime_entry_pillars, kennysheep_snail_temple,
          infiniplex_staircase_pool_2, serial_bayou_shore_a, lemuel_fruit_fields
Swamp:1:  cheibrodos_swamp_sealed, hangedman_swamp_pad, swamp_pool3
Swamp:2:  serial_swamp_ruin, evilmike_swamp_ruin_house_4,
          evilmike_swamp_ruin_house_6
Swamp:3:  evilmike_swamp_ruin_house_1, uniq_louise, uniq_donald, uniq_bai_suzhen
Swamp:4:  swamp_old_school
Snake:1:  serial_shops, nicolae_shop_behind_doors, uniq_aizul
Snake:2:  uniq_vashnia, uniq_asterion
Snake:4:  grunt_snake_rune_serpentine_throne
Orc:2:    st_orc_pillars, lab_entry_generic
Elf:1:    minmay_elf_sorcery, minmay_misc_feat_rows, uniq_kirke
Elf:2:    hex_tiny, minmay_misc_feat_alley, uniq_jorgrun
Elf:3:    elf_hall_gauntlet_wide, serial_shops, nicolae_shop_waterfront
Vaults:1: vaults_mumra_hexcomb, nicolae_vaults_little_squares_3,
          ontoclasm_vaults_chip, nicolae_vaults_angled_halls,
          hangedman_vaults_impose, v_misc_12, vaults_room_hallway,
          nicolae_vaults_diagonal_hallway_6
Lab:      labyrinth_mini_lab, nicolae_lab_do_over, nicolae_lab_t_cross,
          nicolae_lab_hexagon, labyrinth_lava_lair, labyrinth_skeletal_remains,
          nicolae_lab_grate_2
IceCv:    ice_cave_caverns_01

Skill      XL: |  1  2  3  4  5  6  7  8  9 10 11 12 13 14 15 16 17 18 19 20 |
---------------+-------------------------------------------------------------+-----
Long Blades    | 2 3 4 5 6 7 8 |  8.8
Dodging        | 1 2 3 4 5 6 7 8 9 10 11 | 11.2
Fighting       | 4 5 6 7 8 9 10 11 12 13 14 | 14.2
Armour         | 3 4 5 6 7 8 9 10 11 | 11.5
Shields        | 3 4 5 6 7 8 9 10 11 12 | 12.1
Short Blades   | 2 4 6 7 8 9 10 11 12 13 | 13.4
Stealth        | 1 2 3 4 5 6 7 8 9 10 | 10.0
Evocations     | 1 3 4 6 7 8 9 10 11 12 | 12.4

Action                   |  1- 3 |  4- 6 |  7- 9 | 10-12 | 13-15 | 16-18 | 19-21 || total
-------------------------+-------+-------+-------+-------+-------+-------+-------++-------
Melee: Long sword        |    97 |    73 |       |       |       |       |       ||   170
       Kick              |    25 |    40 |   219 |   770 |  1636 |  1213 |   535 ||  4438
       Falchion          |       |    75 |    27 |       |       |       |       ||   102
       Dagger            |       |       |   668 |  1872 |  3764 |       |    45 ||  6349
       Headbutt          |       |       |       |     5 |       |       |       ||     5
       Quick blade       |       |       |       |       |   525 |  3094 |  1544 ||  5163
Throw: Tomahawk          |       |       |       |     3 |       |       |       ||     3
Invok: Heaven On Earth   |       |       |       |     1 |     2 |     1 |     1 ||     5
       Serpent's Lash    |       |       |       |     1 |       |     1 |       ||     2
Evoke: Wand              |       |       |       |     2 |     5 |     2 |       ||     9
       Lightning rod     |       |       |       |     3 |     4 |     5 |     4 ||    16
       Fan of gales      |       |       |       |       |       |     1 |       ||     1
  Use: Scroll            |     7 |     7 |     8 |     5 |    15 |    14 |    11 ||    67
       Potion            |       |     4 |     2 |     8 |     2 |     3 |     1 ||    20
 Stab: Sleeping          |       |       |       |     5 |    23 |    37 |    15 ||    80
       Distracted        |       |       |       |     2 |     7 |     1 |     2 ||    12
       Paralysed         |       |       |       |     2 |       |       |       ||     2
       Confused          |       |       |       |       |       |     2 |       ||     2
       Invisible         |       |       |       |       |       |     3 |       ||     3
  Eat: Chunk             |       |     5 |    12 |    17 |    24 |    16 |    10 ||    84
       Meat ration       |       |       |     1 |       |     2 |     3 |     3 ||     9
       Royal jelly       |       |       |       |     3 |     5 |     1 |       ||     9
       Bread ration      |       |       |       |       |     2 |       |       ||     2
       Fruit             |       |       |       |       |       |     1 |     2 ||     3
Armor: Scale mail        |     8 |       |       |       |       |       |       ||     8
       Ring mail         |    46 |    37 |       |       |       |       |       ||    83
       Leather armour    |       |    21 |   130 |   184 |       |       |       ||   335
       Robe              |       |       |       |     9 |   297 |       |       ||   306
       Troll leather arm |       |       |       |       |    21 |   156 |    69 ||   246
Dodge: Dodged            |    29 |    51 |   143 |   251 |   287 |   134 |    41 ||   936
Block: Shield            |    44 |    20 |       |   267 |   537 |   218 |    67 ||  1153
       Buckler           |       |    22 |    96 |    83 |       |       |       ||   201
       Reflection        |       |       |       |       |       |     1 |    17 ||    18
       Large shield      |       |       |       |       |       |       |    10 ||    10
       Rpst.: Long sword |    10 |     6 |       |       |       |       |       ||    16
       Falchion          |       |     9 |     4 |       |       |       |       ||    13
